 Dungeon Crawl Stone Soup version 0.18.1-48-g4cf74bf (webtiles) character file.

8296 Gargoyl the Protected (level 11, 0/84 HPs)
             Began as a Demonspawn Abyssal Knight on Aug 27, 2016.
             Was the Champion of Lugonu.
             Engulfed by a cloud of freezing vapour (14 damage)
             ... in an ice cave.
             The game lasted 00:22:59 (9651 turns).

Gargoyl the Protected (Demonspawn Abyssal Knight)   Turns: 9651, Time: 00:23:00

Health: 0/84       AC: 21    Str: 16    XL:     11   Next: 8%
Magic:  13/13      EV:  5    Int: 14    God:    Lugonu [******]
Gold:   883        SH:  8    Dex: 16    Spells: 0 memorised, 10 levels left

rFire  . . .     SeeInvis .     O - +3 war axe (elec)
rCold  + . .     Gourm    +     R - +0 plate armour
rNeg   . . .     Faith    .     Y - +0 shield
rPois  .         Spirit   .     (helmet restricted)
rElec  +         Dismiss  .     I - +0 cloak
rCorr  .         Reflect  .     (no gloves)
SustAt +         Harm     .     M - +2 pair of boots
MR     .....                    y - amulet of the gourmand
Stlth  ..........               U - ring of sustain attributes
                                e - ring of stealth

@: not resistant to hostile enchantments, extremely unstealthy
A: antennae 2, thin skeletal structure 2, cold resistance 1, demonic guardian 1,
shaggy fur 1, electricity resistance, spiny 2, evolution 1
a: Depart the Abyss, Bend Space, Banish, Corrupt, Enter the Abyss, Brand Weapon
With Distortion, Renounce Religion


You were in an ice cave.
You worshipped Lugonu.
Lugonu was exalted by your worship.
You were not hungry.

You visited 2 branches of the dungeon, and saw 11 of its levels.
You visited the Abyss 1 time.
You also visited: Sewer and Ice Cave.

You collected 883 gold pieces.

Inventory:

Hand Weapons
 i - a cursed -3 broad axe of freezing
 C - a +2 hand axe of flaming
 O - a +3 war axe of electrocution (weapon)
Missiles
 v - 7 tomahawks (quivered)
Armour
 I - a +0 cloak (worn)
 M - a +2 pair of boots (worn)
 R - a +0 plate armour (worn)
 Y - a +0 shield (worn)
Jewellery
 e - a ring of stealth (left hand)
 y - an amulet of the gourmand (around neck)
 U - a ring of sustain attributes (right hand)
Wands
 g - a wand of digging (10/24)
 X - a wand of lightning (7/15)
Scrolls
 d - 8 scrolls of remove curse
 f - 7 scrolls of teleportation
 l - 2 scrolls of identify
 r - 3 scrolls of magic mapping
 D - 2 scrolls of fear
 E - 4 scrolls of recharging
 F - a scroll of blinking
Potions
 b - 4 potions of curing
 h - 2 potions of agility
 j - 2 potions of might
 o - a potion of cure mutation
 z - 3 potions of haste
 A - 3 potions of brilliance
Miscellaneous
 W - a sack of spiders
Comestibles
 a - 6 beef jerkies
 c - 4 bread rations
 k - 13 fruits
 m - a slice of pizza
 x - 3 meat rations
 Q - 3 royal jellies


   Skills:
 + Level 7.6 Fighting
 + Level 7.3 Axes
 + Level 0.1 Throwing
 * Level 11.0 Armour
 + Level 5.1 Dodging
 + Level 2.6 Stealth
 + Level 1.5 Shields
 + Level 2.8 Invocations


You had 10 spell levels left.
You didn't know any spells.

Dungeon Overview and Level Annotations

Branches:
Dungeon (10/15)            Temple (0/1) D:6            Lair (1/8) D:8
    Orc (0/2) D:10

Altars:
Ashenzari
Dithmenos
Fedhas
Gozag
Kikubaaqudgha
Makhleb
Okawaru
Pakellas
Qazlal
Ru
Sif Muna
Trog
Xom
Zin
Beogh

Shops:
D:10 :

Annotations:
IceCv exclusion: ice statue


Innate Abilities, Weirdness & Mutations

You have a pair of antennae on your head.
You have a moderately thin skeletal structure (Dex +4, Stealth+).
A weak demonic guardian rushes to your aid.
You are mostly covered in sharp spines.
Your flesh is cold resistant.
You are covered in fur (AC +1).
You are resistant to electric shocks.
You evolve.


Message History

Unknown command.
You hit the ice beast but do no damage.
There is a sudden explosion of sparks!
The ice beast is moderately wounded.
You are engulfed in freezing vapours.
You resist.
* * * LOW HITPOINT WARNING * * *
Your quasit is engulfed in freezing vapours.
Your quasit bites the ice beast but does no damage.
Your quasit claws the ice beast. x2
The ice beast hits you but does no damage.
Your quasit is engulfed in freezing vapours.
Your quasit bites the ice beast.
Your quasit claws the ice beast but does no damage.
Your quasit claws the ice beast.
You slash the ice beast!
The ice beast is almost dead.
You slash the ice beast!
There is a sudden explosion of sparks!
You kill the ice beast!
Your quasit disappears in a puff of smoke!
You are engulfed in freezing vapours.
You resist.
You die...

##...###..###.....∩..#
#.....#.###........###
#..#...#.#..###.####
#..###.÷...## ###
##§§###...##
#.§§###.###
##§§#####.##
##§§###.).# ##@Y§§..##
#§§§§#..# ##§####.#{{
#####.{# ## ##.##..#
§##Y§{Y.##{ #§§8...##
#..#.§#### { #. #§# {{


You could see an ice beast.

Vanquished Creatures
  A hill giant (D:10)
  A polar bear (IceCv)
  7 yaks
  A hippogriff (D:9)
  3 hungry ghosts
  2 water moccasins (Lair:1)
  2 wargs (D:8)
  A porcupine (Lair:1)
  5 orc warriors
  10 ice beasts
  4 sky beasts
  2 phantoms (D:7)
  3 wolves (IceCv)
  5 ogres
  A centaur (D:8)
  A big kobold (D:9)
  6 giant frogs
  4 scorpions
  3 howler monkeys (D:10)
  2 crimson imps
  3 giant frog zombies
  3 quasits
  4 orc priests
  Crazy Yiuf (D:5)
  2 giant frog skeletons
  5 hounds
  7 orc wizards
  A jelly (D:5)
  Ijyb (D:2)
  2 iguanas
  6 worker ants
  A hound zombie (D:6)
  A hound skeleton (D:10)
  2 worker ant zombies
  A howler monkey zombie (D:10)
  12 gnolls
  19 adders
  2 river rats (Sewer)
  2 shadow imps
  An ooze (Sewer)
  An adder zombie (D:5)
  3 worms (D:2)
  2 dart slugs
  10 giant geckos
  31 orcs
  5 giant cockroaches
  6 goblins
  6 hobgoblins
  13 jackals
  11 kobolds
  6 quokkas
  18 ball pythons
  7 bats
  A giant gecko skeleton (D:4)
  3 giant newts
  27 rats
290 creatures vanquished.

Vanquished Creatures (collateral kills)
  A hill giant (D:10)
  A wyvern (D:9)
  Menkaure (D:6)
  A hippogriff (D:10)
  A phantom (D:8)
  A sky beast (D:8)
  A gnoll sergeant (D:7)
  A howler monkey (D:10)
  A hound (D:6)
  An orc wizard (D:6)
  A gnoll (D:7)
  3 orcs
14 creatures vanquished.

Vanquished Creatures (others)
  2 polar bears (IceCv)
  An orc warrior (D:7)
  3 wolves (IceCv)
  A giant frog (D:7)
  2 killer bees (D:7)
  A giant frog zombie (D:7)
  A gnoll (D:7)
  A shadow imp (D:7)
  A jackal (D:7)
13 creatures vanquished.

Grand Total: 317 creatures vanquished

Notes
Turn   | Place    | Note
--------------------------------------------------------------
     0 | Abyss:1  | Gargoyl the Demonspawn Abyssal Knight began the quest for the Orb.
     0 | Abyss:1  | Reached XP level 1. HP: 18/18 MP: 2/2
    65 | Abyss:2  | Noticed a thrashing horror
    70 | D:1      | Escaped the Abyss
   383 | D:1      | Reached * piety under Lugonu
   383 | D:1      | Reached skill level 1 in Dodging
   383 | D:1      | Gained mutation: You are partially covered in sharp spines. [demonic ancestry]
   383 | D:1      | Reached XP level 2. HP: 20/24 MP: 3/3
   725 | D:1      | Reached skill level 2 in Armour
   927 | D:1      | Reached XP level 3. HP: 29/29 MP: 4/4
  1166 | D:2      | Noticed Ijyb
  1174 | D:2      | Killed Ijyb
  1265 | D:2      | Found a blossoming altar of Fedhas.
  1307 | D:2      | Gained mutation: You are mostly covered in sharp spines. [demonic ancestry]
  1307 | D:2      | Reached XP level 4. HP: 13/37 MP: 6/6
  1815 | D:2      | Reached skill level 3 in Armour
  1997 | D:2      | Reached ** piety under Lugonu
  2203 | D:2      | Gained mutation: You have a somewhat thin skeletal structure (Dex +2, Stealth). [demonic ancestry]
  2203 | D:2      | Reached XP level 5. HP: 40/42 MP: 7/7
  2494 | D:3      | Found an oddly glowing altar of Pakellas.
  2666 | D:3      | Found a burning altar of Makhleb.
  3057 | D:4      | Noticed a hungry ghost
  3063 | D:4      | Killed a hungry ghost
  3063 | D:4      | Reached skill level 4 in Armour
  3063 | D:4      | Reached XP level 6. HP: 44/49 MP: 8/8
  3517 | D:4      | Reached skill level 1 in Stealth
  3813 | D:4      | Gained mutation: A weak demonic guardian rushes to your aid. [demonic ancestry]
  3813 | D:4      | Reached XP level 7. HP: 55/55 MP: 9/9
  3849 | D:5      | Entered Level 5 of the Dungeon
  3858 | D:5      | Found an iron altar of Okawaru.
  3928 | D:5      | Found a glowing drain.
  3934 | D:5      | Reached *** piety under Lugonu
  3937 | Sewer    | Entered a sewer
  4067 | Sewer    | Reached skill level 5 in Armour
  4088 | Sewer    | Reached **** piety under Lugonu
  4308 | D:5      | Found a shadowy altar of Dithmenos.
  4534 | D:5      | Noticed Crazy Yiuf
  4540 | D:5      | Killed Crazy Yiuf
  4627 | D:6      | Found a bloodstained altar of Trog.
  4655 | D:6      | Reached skill level 5 in Fighting
  4655 | D:6      | Reached skill level 6 in Armour
  4655 | D:6      | Gained mutation: You have a pair of small antennae on your head. [demonic ancestry]
  4655 | D:6      | Reached XP level 8. HP: 47/62 MP: 10/10
  4894 | D:6      | Found an opulent altar of Gozag.
  5095 | D:6      | Noticed Menkaure
  5105 | D:6      | Killed Menkaure
  5108 | D:6      | Found an ancient bone altar of Kikubaaqudgha.
  5170 | D:6      | Found a blossoming altar of Fedhas.
  5282 | D:6      | Found a staircase to the Ecumenical Temple.
  5373 | D:7      | Reached skill level 7 in Armour
  5415 | D:7      | Reached ***** piety under Lugonu
  5596 | D:7      | Gained mutation: You have a pair of antennae on your head. [demonic ancestry]
  5596 | D:7      | Reached XP level 9. HP: 64/69 MP: 11/11
  5645 | D:7      | Found a shimmering altar of Xom.
  5668 | D:7      | Found a shattered altar of Ashenzari.
  5837 | D:7      | Reached skill level 5 in Axes
  6148 | D:8      | Found a stormy altar of Qazlal.
  6155 | D:8      | Reached skill level 8 in Armour
  6788 | D:8      | Found a staircase to the Lair.
  7174 | D:9      | Reached skill level 9 in Armour
  7273 | D:9      | Found a deep blue altar of Sif Muna.
  7340 | D:9      | Found a sacrificial altar of Ru.
  7383 | D:9      | Found a glowing silver altar of Zin.
  7568 | D:9      | Gained mutation: You have a moderately thin skeletal structure (Dex +4, Stealth+). [demonic ancestry]
  7568 | D:9      | Reached XP level 10. HP: 75/77 MP: 12/12
  7889 | D:10     | Entered Level 10 of the Dungeon
  7890 | D:10     | Found an iron altar of Okawaru.
  7941 | D:10     | Found Naomp's Book Boutique.
  8003 | D:10     | Noticed a hill giant
  8009 | D:10     | Killed a hill giant
  8218 | D:10     | Reached skill level 10 in Armour
  8295 | D:10     | Noticed a hill giant
  8301 | D:10     | Killed a hill giant
  8319 | D:10     | Found a staircase to the Orcish Mines.
  8333 | D:10     | Reached skill level 5 in Dodging
  8498 | D:10     | Found a roughly hewn altar of Beogh.
  8557 | D:10     | Gained mutation: You are resistant to electric shocks. [potion of mutation]
  8557 | D:10     | Gained mutation: You are covered in fur (AC +1). [potion of mutation]
  8558 | D:10     | Gained mutation: You have a pair of large antennae on your head (SInv). [potion of mutation]
  8558 | D:10     | Gained mutation: Your flesh is cold resistant. [potion of mutation]
  8558 | D:10     | Lost mutation: You have a pair of large antennae on your head (SInv). [potion of mutation]
  8564 | D:10     | Gained mutation: You evolve. [potion of beneficial mutation]
  9150 | Lair:1   | Entered Level 1 of the Lair of Beasts
  9204 | Lair:1   | Reached skill level 1 in Shields
  9233 | Lair:1   | Found a frozen archway.
  9251 | Lair:1   | Reached XP level 11. HP: 61/84 MP: 13/13
  9251 | Lair:1   | Reached skill level 11 in Armour
  9254 | Lair:1   | Reached ****** piety under Lugonu
  9260 | IceCv    | Entered an ice cave
  9651 | IceCv    | Engulfed by a cloud of freezing vapour

Skill      XL: |  1  2  3  4  5  6  7  8  9 10 11 |
---------------+----------------------------------+-----
Axes           | 2 3 4 5 7 |  7.3
Dodging        | 1 2 3 4 5 |  5.1
Armour         | 2 3 4 6 7 9 10 11 | 11.0
Fighting       | 4 5 6 7 |  7.6
Stealth        | 1 2 |  2.6
Shields        | 1 |  1.5
Throwing       | |  0.1
Invocations    | |  2.8

Action                   |  1- 3 |  4- 6 |  7- 9 | 10-12 || total
-------------------------+-------+-------+-------+-------++-------
Melee: Hand axe          |    45 |    65 |   104 |       ||   214
       War axe           |       |       |   113 |   145 ||   258
Throw: Tomahawk          |       |       |     1 |     4 ||     5
Invok: Depart the Abyss  |     1 |       |       |       ||     1
       Bend Space        |       |       |       |     2 ||     2
Evoke: Wand              |       |       |     1 |       ||     1
  Use: Scroll            |       |       |    16 |     3 ||    19
       Potion            |       |       |       |    19 ||    19
 Stab: Distracted        |       |       |       |     3 ||     3
  Eat: Chunk             |     1 |    14 |    17 |     8 ||    40
       Beef jerky        |       |     1 |       |       ||     1
       Bread ration      |       |       |       |     1 ||     1
Armor: Leather armour    |    16 |       |       |       ||    16
       Scale mail        |     9 |    10 |       |       ||    19
       Chain mail        |       |    30 |    78 |       ||   108
       Plate armour      |       |       |    78 |   119 ||   197
Dodge: Dodged            |    45 |    25 |    68 |    48 ||   186
Block: Shield            |       |       |       |    50 ||    50
